 Dungeon Crawl Stone Soup version 0.28-a0-863-g8cecda6153 (webtiles) character file.

Game seed: 2828908217542600312

132 mcbry74 the Ruffian (level 4, -3/41 HPs)
             Began as a Troll Gladiator on Nov 18, 2021.
             Slain by Grinder (5 damage)
             ... while paralysed by Grinder
             ... on level 3 of the Dungeon.
             The game lasted 00:09:32 (2036 turns).

mcbry74 the Ruffian (Troll Gladiator)               Turns: 2036, Time: 00:09:32

Health: -3/41      AC:  4    Str: 23    XL:     4   Next: 92%
Magic:  3/3        EV:  1    Int:  4    God:
Gold:   124        SH:  0    Dex: 11    Spells: 3/3 levels left

rFire   . . .      SeeInvis .     - Unarmed
rCold   . . .      Faith    .   (no shield)
rNeg    . . .      Spirit   .   a - +0 robe
rPois   .          Reflect  .   b - +0 hat
rElec   .          Harm     .   (no cloak)
rCorr   .          Rampage  .   (gloves unavailable)
Will    .....                   (boots unavailable)
Stlth   +.........              (no amulet)
HPRegen 1.13/turn               (no ring)
MPRegen 0.08/turn               (no ring)

@: paralysed
A: large, unfitting armour, claws 3, regeneration 1, shaggy fur 1, tough skin 1
a: no special abilities


You were on level 3 of the Dungeon.
You visited 1 branch of the dungeon, and saw 3 of its levels.

You collected 124 gold pieces.

Inventory:

Missiles
 c - 4 throwing nets
 f - 6 boomerangs
 g - 24 poisoned darts (quivered)
 j - 4 javelins
Armour
 a - a +0 robe (worn)
 b - a +0 hat (worn)
 h - a +0 tower shield
Scrolls
 d - 3 scrolls of identify {unknown}
 k - a scroll of vulnerability {unknown}
 l - a scroll of noise {unknown}
 n - a scroll of fear {unknown}
Potions
 e - 2 potions of curing {unknown}
 i - 2 potions of haste {unknown}
 m - a potion of flight {unknown}


   Skills:
 - Level 1.5 Fighting
 - Level 1.7 Throwing
 - Level 2.4 Dodging
 + Level 5.7 Unarmed Combat


You had 3 spell levels left.
You didn't know any spells.
Your spell library contained the following spells:

 Spells                   Type           Power      Damage    Failure   Level
 Beastly Appendage        Tmut           0%         N/A       50%         1
 Wereblood                Tmut           0%         N/A       65%         2
 Spider Form              Tmut/Pois      0%         N/A       86%         3


Dungeon Overview and Level Annotations

Branches:
Dungeon (3/15)

Altars:
Zin

Shops:
D:1 :

Annotations:
D:3 Grinder


Innate Abilities, Weirdness & Mutations

You are too large for most types of armour.
You have claws for hands.
Your natural rate of healing is unusually fast.
You are covered in fur. (AC +1)
You have tough skin. (AC +1)


Message History

There is an open door here.
You close the door.
There is an open door here.
There is a stone staircase leading down here.
An adder comes into view.
The adder hisses angrily.
You mangle the adder!!
You kill the adder!
Grinder blinks!
You mangle Grinder!!
Grinder is heavily wounded.
Grinder blinks!
Grinder gestures at you. Pain shoots through your body! Grinder hits you.
You writhe in agony.
You scratch Grinder.
Grinder is severely wounded.
Grinder hits you.
You closely miss Grinder.
Grinder is severely wounded.
Grinder gestures at you. Pain shoots through your body!
You scratch Grinder.
Grinder is severely wounded.
Grinder gestures at you.
You suddenly lose the ability to move!
Grinder hits you!
* * * LOW HITPOINT WARNING * * *
You writhe in agony.
* * * LOW HITPOINT WARNING * * *
Grinder gestures at you. You resist with significant effort.
Grinder gestures at you. Pain shoots through your body!
* * * LOW HITPOINT WARNING * * *
Grinder gestures at you. Pain shoots through your body!
* * * LOW HITPOINT WARNING * * *
Grinder hits you.
You die...

#.# #.......... #.#
#...##..... #.# #.
#..... #.# #.....
#.# ##'#.. #.#
###.#.. #.# ..#.#..
#.########.##.#.#..
#.@5.......##.#.#..
#############.#.#..
#....#5#.. #....#.#
#....#.# ####.#.#
#####.#.###
#..........
########..........


You could see Grinder.

Vanquished Creatures
  4 adders
  3 gnolls (D:3)
  A worm (D:2)
  3 dart slugs
  9 endoplasms
  A giant cockroach (D:1)
  6 goblins
  4 hobgoblins
  2 jackals (D:1)
  4 kobolds
  3 quokkas
  6 ball pythons
  6 bats
  2 frilled lizards
  4 rats (D:1)
58 creatures vanquished.

Notes
Turn   | Place    | Note
-------+----------+-------------------------------------------
     0 | D:1      | mcbry74 the Troll Gladiator began the quest for the Orb.
     0 | D:1      | Reached XP level 1. HP: 19/19 MP: 0/0
   231 | D:1      | Reached XP level 2. HP: 27/27 MP: 1/1
   280 | D:1      | Found Pafoq's Book Shoppe.
   373 | D:1      | Reached skill level 4 in Unarmed Combat
   428 | D:1      | Reached XP level 3. HP: 31/33 MP: 2/2
   609 | D:1      | Found a faded altar of an unknown god.
  1419 | D:3      | Reached XP level 4. HP: 41/41 MP: 3/3
  1425 | D:3      | Noticed Grinder
  1427 | D:3      | Paralysed by Grinder for 2 turns
  1437 | D:3      | Paralysed by Grinder for 3 turns
  1448 | D:3      | Paralysed by Grinder for 3 turns
  1632 | D:3      | Reached skill level 5 in Unarmed Combat
  1639 | D:3      | Found a glowing silver altar of Zin.
  2031 | D:3      | Paralysed by Grinder for 5 turns
  2035 | D:3      | HP: 1/41 [Grinder/nerve-wracking pain (6)]
  2036 | D:3      | Slain by Grinder

Illustrated notes

Levels and vault maps discovered:
D:1:      dpeg_arrival_boxorama, layout_loops_ring,
          ebering_ecumenical_altar_rust, serial_shops,
          nicolae_shop_competitors_out_of_business, minmay_hexomino_u4
D:2:      layout_rooms, kennysheep_decorative_pillar, minivault_25
D:3:      layout_basic, mainiacjoe_overflow_catwalk, demons_altar, uniq_grinder

Skill      XL: |  1  2  3  4 |
---------------+-------------+-----
Unarmed Combat | 4 5 |  5.7
Fighting       | |  1.5
Throwing       | |  1.7
Dodging        | |  2.4

Action                   |  1- 3 |  4- 6 || total
-------------------------+-------+-------++-------
Melee: Unarmed           |   108 |    36 ||   144
Throw: Dart              |     2 |       ||     2
 Stab: Sleeping          |     1 |       ||     1
Armor: Robe              |    34 |     6 ||    40
Dodge: Dodged            |    41 |    17 ||    58

Table legend: (Time is in decaauts)
 A = Elapsed time spent in this place.
 B = Non-inter-level travel time spent in this place.
 C = Inter-level travel time spent in this place.
 D = Time resting spent in this place.
 E = Time spent auto-exploring this place.
 F = Levels seen in this place.
 G = Mean time per level.
                   A        B        C        D        E       F      G
               +--------+--------+--------+--------+--------+-----+--------+
         Total |   2025 |   1968 |     57 |      6 |   1241 |   3 |  675.0 |
       Dungeon |   2025 |   1968 |     57 |      6 |   1241 |   3 |  675.0 |
               +--------+--------+--------+--------+--------+-----+--------+

Top non-repeatable levels by time:
     D:1: 744 daAuts
     D:3: 653 daAuts
     D:2: 627 daAuts
